 Seeded DCSS version 0.29.1-15-g9cfb28693d (webtiles) character file.

Game seed: 16814609885328743250 (custom seed)

21 Gelion the Sneak (level 3, -2/22 HPs)
             Began as a Kobold Brigand on May 2, 2023.
             Slain by Jessica
             ... wielding a +0 club
              (7 damage)
             ... on level 2 of the Dungeon.
             The game lasted 00:01:56 (845 turns).

Gelion the Sneak (Kobold Brigand)                    Turns: 845, Time: 00:01:56

Health: -2/22      AC:  3    Str:  8    XL:     3   Next: 2%
Magic:  3/3        EV: 14    Int: 12    God:
Gold:   47         SH:  0    Dex: 18    Spells: 2/2 levels left

rFire   . . .      SeeInvis .   l - +2 dagger (elec)
rCold   . . .      Faith    .   (no shield)
rNeg    . . .      Spirit   .   b - +0 robe
rPois   .          Reflect  .   (no helmet)
rElec   .          Harm     .   c - +0 cloak
rCorr   .          Rampage  .   (no gloves)
Will    +....                   (no boots)
Stlth   ++++......              (no amulet)
HPRegen 0.07/turn               o - ring of willpower
MPRegen 0.08/turn               (no ring)

@: no status effects
A: small, no large weapons, nightstalker 3
a: no special abilities


You were on level 2 of the Dungeon.
You visited 1 branch of the dungeon, and saw 2 of its levels.

You collected 47 gold pieces.

Inventory:

Hand Weapons
 l - a +2 dagger of electrocution (weapon)
Missiles
 d - 9 poisoned darts (quivered)
 e - 3 curare-tipped darts
Armour
 b - a +0 robe (worn)
 c - a +0 cloak (worn)
Jewellery
 o - a ring of willpower (left hand)
Scrolls
 h - 2 scrolls of teleportation {unknown}
 j - a scroll of blinking {unknown}
 k - 2 scrolls of noise {unknown}
Potions
 a - 2 potions of might
 f - a potion of curing {unknown}
 g - a potion of heal wounds {unknown}
 i - a potion of ambrosia
 n - a potion of degeneration {unknown}


   Skills:
 + Level 2.5 Fighting
 * Level 3.4 Short Blades
 - Level 2.1 Throwing
 - Level 1.2 Dodging
 * Level 5.8 Stealth


You had 2 spell levels left.
You didn't know any spells.
Your spell library was empty.

Dungeon Overview and Level Annotations

Branches:
Dungeon (2/15)

Altars:

Annotations:
D:2 Jessica


Innate Abilities, Weirdness & Mutations

You are small and have problems with some larger weapons.
You are completely attuned to the shadows.


Message History

A quokka and Jessica come into view.
Jessica shouts!
Jessica gestures wildly while chanting.
Jessica seems to speed up.
There is an open door here.
You close the door.
Jessica opens the door.
Jessica gestures wildly.
Jessica mumbles some strange words.
Jessica blinks!
The quokka misses you.
You hit the quokka.
The quokka is moderately wounded.
You miss the quokka.
The quokka is moderately wounded.
The quokka misses you.
You hit the quokka.
You kill the quokka!
Jessica gestures at you while chanting. Pain shoots through your body!
Ouch! That really hurt!
* * * LOW HITPOINT WARNING * * *
You have reached level 3!
Your experience leads to an increase in your attributes!
Increase (S)trength, (I)ntelligence, or (D)exterity?
You feel agile. x2
You close the door, pushing everything out of the way.
Jessica opens the door.
You hit Jessica.
Jessica is moderately wounded.
Jessica closely misses you.
You hit Jessica but do no damage.
Jessica is moderately wounded.
Jessica barely misses you.
You hit Jessica.
Jessica is severely wounded.
Jessica misses you.
You hit Jessica.
Jessica is severely wounded.
Jessica hits you with a +0 club!
You die...

............#..#
#.#..#####....#
#...##...##...#
##..#...@?#..[#
#..#?....#...#
#..#!...!#†.##
#..##...##..#
..##@##..##
#...@†..##
##.....##
#######


You could see Jessica (fast).

Vanquished Creatures
  A dart slug (D:1)
  An endoplasm (D:1)
  4 goblins (D:1)
  2 hobgoblins (D:2)
  2 quokkas
  4 bats
  A frilled lizard (D:1)
  A kobold (D:1)
16 creatures vanquished.

Notes
Turn   | Place    | Note
-------+----------+-------------------------------------------
     0 | D:1      | Gelion the Kobold Brigand began the quest for the Orb.
     0 | D:1      | Reached XP level 1. HP: 12/12 MP: 1/1
   256 | D:1      | Reached XP level 2. HP: 18/18 MP: 2/2
   267 | D:1      | Found a faded altar of an unknown god.
   833 | D:2      | Noticed Jessica
   841 | D:2      | Reached XP level 3. HP: 4/22 MP: 3/3
   845 | D:2      | Slain by Jessica

Illustrated notes

Levels and vault maps discovered:
D:1:      dpeg_arrival_tiny_j, layout_rooms,
          shapermc_ecumenical_altar_totnotflames
D:2:      layout_loops_ring, kennysheep_jessica_study

Skill      XL: |  1 |
---------------+----+-----
Short Blades   | 3 |  3.4
Fighting       | |  2.5
Throwing       | |  2.1
Dodging        | |  1.2
Stealth        | |  5.8

Action                   || total
-------------------------++-------
Melee: Dagger            ||    41
  Use: Scroll            ||     4
 Stab: Sleeping          ||     8
Armor: Robe              ||     4
Dodge: Dodged            ||    40
